 Dungeon Crawl Stone Soup version 0.29-a0-270-g1586fc07ea (webtiles) character file.

Game seed: 14816787698468619845

0 siradein the Grave Robber (level 1, 0/14 HPs)
             Began as a Ghoul Necromancer on Mar 7, 2022.
             Slain by a frilled lizard (2 damage)
             ... on level 1 of the Dungeon.
             The game lasted 00:00:37 (43 turns).

siradein the Grave Robber (Ghoul Necromancer)         Turns: 43, Time: 00:00:38

Health: 0/14       AC:  2    Str: 11    XL:     1   Next: 10%
Magic:  2/2        EV: 12    Int: 10    God:
Gold:   14         SH:  0    Dex:  9    Spells: 2/3 levels left

rFire   . . .      SeeInvis .   c - +1 whip (distort)
rCold   + . .      Faith    .   (no shield)
rNeg    + + +      Spirit   .   a - +0 robe
rPois   ∞          Reflect  .   (no helmet)
rElec   .          Harm     .   (no cloak)
rCorr   .          Rampage  .   (no gloves)
Will    .....                   (no boots)
Stlth   ++........              (no amulet)
HPRegen 0.00/turn               (no ring)
MPRegen 0.08/turn               (no ring)

@: inhibited regen
A: claws 1, cold resistance 1, negative energy resistance 3, inhibited
regeneration, torment resistance 2
a: no special abilities


You were on level 1 of the Dungeon.
You visited 1 branch of the dungeon, and saw 1 of its levels.

You collected 14 gold pieces.

Inventory:

Hand Weapons
 c - a +1 whip of distortion (weapon)
Armour
 a - a +0 robe (worn)
Potions
 b - a potion of magic


   Skills:
 + Level 0.0 Fighting
 + Level 1.8 Dodging
 - Level 2.1 Stealth
 + Level 1.7 Spellcasting
 + Level 4.0 Necromancy


You had 2 spell levels left.
You knew the following spells:

 Your Spells              Type           Power      Damage    Failure   Level
a - Pain                  Necr           32%        1d5       6%          1

Your spell library contained the following spells:

 Spells                   Type           Power      Damage    Failure   Level
 Animate Skeleton         Necr           16%        N/A       6%          1
 Vampiric Draining        Necr           8%         2d6       19%         3
 Animate Dead             Necr           4%         N/A       52%         4
 Agony                    Necr           8%         N/A       86%         5


Dungeon Overview and Level Annotations

Branches:
Dungeon (1/15)

Altars:


Innate Abilities, Weirdness & Mutations

You thrive by killing the living.
You are immune to poison.
You have sharp fingernails.
Your flesh is cold resistant. (rC+)
You are immune to negative energy. (rN+++)
You do not regenerate when monsters are visible.
You are immune to unholy pain and torment.


Message History

You feel better. The quokka barely misses you.
You closely miss the quokka.
The frilled lizard hisses angrily.
The quokka barely misses you.
You closely miss the quokka. The quokka barely misses you.
The frilled lizard barely misses you.
You closely miss the quokka. The quokka barely misses you.
The frilled lizard completely misses you.
You barely miss the quokka. The quokka barely misses you.
The frilled lizard bites you but does no damage.
You barely miss the quokka. The quokka barely misses you.
The quokka closely misses you. The frilled lizard bites you.
You scratch the quokka but do no damage.
The quokka completely misses you. The frilled lizard barely misses you.
You closely miss the quokka. The quokka bites you.
The frilled lizard misses you.
You scratch the quokka but do no damage.
The quokka bites you.
The frilled lizard unfolds its giant frill.
The frilled lizard bites you.
The frilled lizard attacks as you move away!
The frilled lizard bites you.
* * * LOW HITPOINT WARNING * * *
The quokka attacks as you move away! The quokka bites you.
* * * LOW HITPOINT WARNING * * *
The quokka closely misses you.
An endoplasm comes into view.
Found 6 gold pieces.
The quokka attacks as you move away! The quokka misses you.
You see here 33 stones.
The quokka barely misses you.
You see here a +1 whip of distortion.
Really wield a +1 whip of distortion?
Space warps around you for a moment!
c - a +1 whip of distortion (weapon)
You hit the quokka.
The quokka is severely wounded.
The quokka blinks!
You closely miss the frilled lizard. The frilled lizard bites you.
You die...

. #.....≈..≈≈≈≈≈≈
..#######..>..≈........
♣.............≈.....≈..
J.............≈≈≈≈≈≈≈..
###...$............. ♣
#..r#......####.....
......#.##.....# ######
....$##l(......#
####...@.##..###
##.##.#...# #. #...###
# ..### ###


You could see a quokka and a frilled lizard.

Vanquished Creatures
  A frilled lizard (D:1)
1 creature vanquished.

Notes
Turn   | Place    | Note
-------+----------+-------------------------------------------
     0 | D:1      | siradein the Ghoul Necromancer began the quest for the Orb.
     0 | D:1      | Reached XP level 1. HP: 14/14 MP: 2/2
    43 | D:1      | Slain by a frilled lizard

Illustrated notes

Levels and vault maps discovered:
D:1:      ebering_hopf_link, layout_rooms, serial_shops, nicolae_diamond_shop,
          nicolae_diamond_shop, nicolae_shop_bloodbath_and_beyond,
          chequers_ecumenical_altar_simple_redux, minmay_tromino_v4_a

Action                   || total
-------------------------++-------
Melee: Unarmed           ||     9
       Whip              ||     2
Armor: Robe              ||     1
Dodge: Dodged            ||    15

Table legend: (Time is in decaauts)
 A = Elapsed time spent in this place.
 B = Non-inter-level travel time spent in this place.
 C = Inter-level travel time spent in this place.
 D = Time resting spent in this place.
 E = Time spent auto-exploring this place.
 F = Levels seen in this place.
 G = Mean time per level.
                   A        B        C        D        E       F      G
               +--------+--------+--------+--------+--------+-----+--------+
         Total |     42 |     42 |      0 |      0 |     18 |   1 |   42.0 |
       Dungeon |     42 |     42 |      0 |      0 |     18 |   1 |   42.0 |
               +--------+--------+--------+--------+--------+-----+--------+

Top non-repeatable levels by time:
     D:1: 42 daAuts
